 Dungeon Crawl Stone Soup version 0.22.1-1-ga44c0e5 (webtiles) character file.

710078 Zebedee the Slayer (level 27, -5/196 HPs)
             Began as a Gargoyle Berserker on Oct 21, 2018.
             Was the Champion of Jiyva.
             Slain by a stone giant (33 damage)
             ... created by the rage of Trog
             ... on level 5 of Gehenna on Oct 22, 2018.
             The game lasted 05:17:34 (84011 turns).

Zebedee the Slayer (Gargoyle Berserker)            Turns: 84011, Time: 05:17:35

Health: -5/196     AC: 57    Str: 28    XL:     27
Magic:  11/11      EV: 14    Int:  9    God:    Jiyva [******]
Gold:   67         SH: 40    Dex: 13    Spells: 36/39 levels left

rFire    + + +     SeeInvis +   F - +9 broad axe (antimagic)
rCold    + + .     Gourm    .   L - +10 large shield of Ignorance {rN+ Int-4}
rNeg     + + +     Faith    .   h - +5 gold dragon scales
rPois    ∞         Spirit   .   o - -2 hat of the Alchemist {rElec rPois rF+ rC+ rN+ MR+ rMut rCorr}
rElec    +         Reflect  .   f - +4 cloak of Bitterness {rF+ Str+3 Dex+3}
rCorr    +         Harm     .   v - +2 pair of gloves of Orphoeb {Str-2 SInv Stlth+}
rMut     +         Rnd*Rage +   Y - +2 pair of boots
MR       +++++                  e - necklace of Bloodlust {*Rage +Rage MR++ Int-3 Slay+6 *Curse} (curse)
Stlth    ..........             V - +2 ring of evasion
HPRegen  0.42/turn              U - +5 ring of slaying
MPRegen  0.12/turn

@: flying
A: big wings, claws 1, large bone plates 1, molten scales 1, agile 1, deformed
body, negative energy resistance 1, electricity resistance, unbreathing,
petrification resistance, rot immunity, subdued magic 1, sturdy frame 1, AC +20
}: 3/15 runes: serpentine, barnacled, silver
a: Stop Flying, Request Jelly, Slimify, Cure Bad Mutation, Renounce Religion,
Evoke Berserk Rage


You were on level 5 of Gehenna.
You worshipped Jiyva.
Jiyva was exalted by your worship.
You were very full.

You visited 13 branches of the dungeon, and saw 59 of its levels.
You visited the Abyss 1 time.
You visited 1 bazaar.
You also visited: Labyrinth and Ossuary.

You collected 7974 gold pieces.
You spent 7907 gold pieces at shops.

Inventory:

Hand Weapons
 a - the +4 mace of the Hierophant {elec, Str+4 SInv}
   (You found it on level 12 of the Dungeon)

   Occasionally, upon striking a foe, it will discharge some electrical energy
   and cause terrible harm.
   It affects your strength (+4).
   It lets you see invisible.
 b - the +7 flail of Isub {venom, rF+ Str+3}
   (Trog gifted it to you on level 5 of the Vaults)

   It poisons the flesh of those it strikes.
   It affects your strength (+3).
   It protects you from fire.
 d - the +8 whip "Ofagag" {flame, *Noise +Blink Str+3}
   (You found it on level 4 of the Dungeon)

   It has been specially enchanted to burn those struck by it, causing extra
   injury to most foes and up to half again as much damage against particularly
   susceptible opponents.
   It affects your strength (+3).
   It lets you blink.
   It may make noises in combat.
 B - the +6 war axe of Yeast {antimagic, rF+ rC- Dex+3}
   (You bought it in a shop on level 2 of the Vaults)

   It reduces the magical energy of the wielder, and disrupts the spells and
   magical abilities of those hit.
   Natural abilities and divine invocations are not affected.
   It affects your dexterity (+3).
   It protects you from fire.
   It makes you vulnerable to cold.
 F - a +9 antimagic broad axe (weapon)
Missiles
 t - 6 javelins of penetration
 H - 45 javelins (quivered)
 Q - 8 throwing nets
Armour
 f - the +4 cloak of Bitterness (worn) {rF+ Str+3 Dex+3}
   (You found it on level 9 of the Dungeon)

   It affects your strength (+3).
   It affects your dexterity (+3).
   It protects you from fire.
 h - +5 gold dragon scales (worn)
 o - the -2 hat of the Alchemist (worn) {rElec rPois rF+ rC+ rN+ MR+ rMut rCorr}
   (You found it on level 4 of the Depths)

   It protects you from fire.
   It protects you from cold.
   It insulates you from electricity.
   It protects you from poison.
   It protects you from negative energy.
   It affects your resistance to hostile enchantments.
   It provides partial protection from all sources of acid and corrosion.
   It protects you from mutation.
 v - the +2 pair of gloves of Orphoeb (worn) {Str-2 SInv Stlth+}
   (You acquired it on level 5 of the Vaults)

   It affects your strength (-2).
   It lets you see invisible.
   It makes you more stealthy.
 L - the +10 large shield of Ignorance (worn) {rN+ Int-4}
   (You found it on level 4 of the Lair of Beasts)

   It affects your intelligence (-4).
   It protects you from negative energy.
 Y - a +2 pair of boots (worn)
Jewellery
 e - the cursed necklace of Bloodlust (around neck) {*Rage +Rage MR++ Int-3 Slay+6 *Curse}
   (You bought it in a shop on level 1 of the Snake Pit)

   [amulet of rage]

   It affects your intelligence (-3).
   It affects your accuracy and damage with ranged weapons and melee attacks
   (+6).
   It affects your resistance to hostile enchantments.
   It lets you go berserk.
   It may make you go berserk in combat.
   It curses itself when equipped.
   It has a curse placed upon it.
 u - an uncursed ring of protection from cold
 U - a +5 ring of slaying (right hand)
 V - a +2 ring of evasion (left hand)
 W - an uncursed ring of protection from magic
Wands
 i - a wand of iceblast (6)
 A - a wand of clouds (7)
 I - a wand of paralysis (44)
 N - a wand of enslavement (10)
 O - a wand of digging (25)
 T - a wand of acid (42)
Scrolls
 j - 16 scrolls of teleportation
 l - 4 scrolls of blinking
 m - 19 scrolls of remove curse
 n - 4 scrolls of magic mapping
 D - 8 scrolls of fear
 G - 6 scrolls of identify
 M - 2 scrolls of silence
 X - 3 scrolls of holy word
 Z - 3 scrolls of fog
Potions
 k - 3 potions of heal wounds
 p - 3 potions of magic
 q - 14 potions of might
 r - 6 potions of agility
 z - a potion of resistance
 C - 9 potions of curing
 J - 10 potions of haste
 P - 5 potions of cancellation
 R - 2 potions of invisibility
Miscellaneous
 g - 3 sacks of spiders
 s - a lamp of fire
 w - a lightning rod (4/4)
 y - 2 boxes of beasts
 E - a phial of floods
 K - the horn of Geryon
Comestibles
 c - 47 rations


   Skills:
 - Level 26.0 Fighting
 - Level 14.7(20.1) Axes
 - Level 23.9(25.2) Maces & Flails
 * Level 21.2 Armour
 - Level 10.0 Dodging
 - Level 25.0 Shields
 * Level 6.9 Spellcasting
 * Level 4.1 Charms
 - Level 7.1 Translocations
 - Level 12.1 Evocations


You had 36 spell levels left.
You knew the following spells:

 Your Spells              Type           Power        Failure   Level  Hunger
a - Apportation           Tloc           ##....       6%          1    None
b - Song of Slaying       Chrm           #.......     32%         2    ##.....

Your spell library contained the following spells:

 Spells                   Type           Power        Failure   Level  Hunger
 Shroud of Golubria       Chrm/Tloc      ##........   19%         2    ##.....
 Gell's Gravitas          Tloc           ##........   19%         3    ###....
 Lesser Beckoning         Tloc           ##........   19%         3    ###....
 Infusion                 Chrm           #...         22%         1    None
 Swiftness                Chrm/Air       #.......     63%         2    ##.....
 Portal Projectile        Hex/Tloc       #.....       65%         3    ###....
 Recall                   Summ/Tloc      N/A          65%         3    ###....
 Animate Skeleton         Necr           N/A          78%         1    None
 Beastly Appendage        Tmut           #.....       78%         1    None
 Confusing Touch          Hex            #.....       78%         1    None
 Flame Tongue             Conj/Fire      #....        78%         1    None
 Pain                     Necr           #...         78%         1    None
 Summon Butterflies       Summ           #.......     78%         1    None
 Summon Small Mammal      Summ           #...         78%         1    None
 Regeneration             Chrm/Necr      #.........   86%         3    ###....
 Spectral Weapon          Hex/Chrm       #.......     86%         3    ###....
 Call Imp                 Summ           #.......     89%         2    ##.....
 Ensorcelled Hibernation  Hex/Ice        #.....       89%         2    ##.....
 Passwall                 Tmut/Erth      #.......     89%         2    ##.....
 Slow                     Hex            #.......     89%         2    ##.....
 Sticks to Snakes         Tmut           #.......     89%         2    ##.....
 Force Lance              Conj/Tloc      #.......     96%         4    ####...
 Call Canine Familiar     Summ           #.......     99%         3    ###....
 Confuse                  Hex            #.......     99%         3    ###....
 Dazzling Spray           Conj/Hex       #.....       99%         3    ###....
 Spider Form              Tmut/Pois      #.........   99%         3    ###....
 Stone Arrow              Conj/Erth      #.....       99%         3    ###....
 Summon Guardian Golem    Hex/Summ       #.......     99%         3    ###....
 Tukima's Dance           Hex            #.......     99%         3    ###....
 Vampiric Draining        Necr           #.........   99%         3    ###....
 Animate Dead             Necr           N/A          100%        4    ####...
 Ice Form                 Ice/Tmut       #.......     100%        4    ####...
 Leda's Liquefaction      Hex/Erth       #.........   100%        4    ####...
 Petrify                  Tmut/Erth      #.......     100%        4    ####...
 Summon Ice Beast         Ice/Summ       #.......     100%        4    ####...
 Summon Lightning Spire   Summ/Air       #.......     100%        4    ####...
 Throw Icicle             Conj/Ice       #.......     100%        4    ####...
 Agony                    Necr           #.......     100%        5    ######.
 Alistair's Intoxication  Tmut/Pois      #.......     100%        5    ######.
 Aura of Abjuration       Summ           #.........   100%        5    ######.
 Blade Hands              Tmut           #.........   100%        5    ######.
 Bolt of Magma            Conj/Fire/Erth #.........   100%        5    ######.
 Borgnjor's Vile Clutch   Necr/Erth      #.........   100%        5    ######.
 Dispel Undead            Necr           #.......     100%        5    ######.
 Excruciating Wounds      Chrm/Necr      #.........   100%        5    ######.
 Irradiate                Conj/Tmut      #.........   100%        5    ######.
 Iskenderun's Battlesphe  Conj/Chrm      #.......     100%        5    ######.
 Metabolic Englaciation   Hex/Ice        #.........   100%        5    ######.
 Silence                  Hex/Air        #.........   100%        5    ######.
 Summon Demon             Summ           #.........   100%        5    ######.
 Summon Forest            Summ/Tloc      #.........   100%        5    ######.
 Summon Mana Viper        Hex/Summ       #.......     100%        5    ######.
 Yara's Violent Unravell  Hex/Tmut       #.........   100%        5    ######.
 Darkness                 Hex            #.........   100%        6    #######
 Dispersal                Tloc           ##........   100%        6    #######
 Hydra Form               Tmut           #.........   100%        6    #######
 Invisibility             Hex            #.......     100%        6    #######
 Shadow Creatures         Summ           N/A          100%        6    #######
 Dragon Form              Tmut           #.........   100%        7    #######
 Haunt                    Necr/Summ      #.........   100%        7    #######
 Malign Gateway           Summ/Tloc      #.........   100%        7    #######
 Monstrous Menagerie      Summ           #.........   100%        7    #######
 Summon Greater Demon     Summ           #.........   100%        7    #######
 Controlled Blink         Tloc           N/A          100%        8    #######
 Disjunction              Tloc           ##........   100%        8    #######
 Summon Horrible Things   Summ           #.........   100%        8    #######
 Tornado                  Air            #.........   100%        9    #######
 Statue Form              Tmut/Erth      Unusable     N/A         6    N/A

Dungeon Overview and Level Annotations

Branches:
Dungeon (15/15)            Temple (0/1) D:4            Lair (6/6) D:9
 Shoals (4/4) Lair:4        Snake (4/4) Lair:4        Slime (5/5) Lair:5
    Orc (2/2) D:12            Elf (3/3) Orc:2        Vaults (5/5) D:14
  Crypt (3/3) Vaults:3       Tomb (0/3) Crypt:3      Depths (5/5) D:15
   Hell (1/1)                 Dis (0/7) Hell            Geh (5/7) Hell
    Coc (0/7) Hell            Tar (0/7) Hell            Zot (1/5) Depths:5

Altars:
Cheibriados
Dithmenos
Fedhas
Gozag
Kikubaaqudgha
Qazlal
Ru
Vehumet
Wu Jian
Yredelemnul
The Shining One
Beogh
Jiyva
Lugonu

Shops:
D:5 *   D:10 (   D:11 (   D:15 =   Orc:2 *%*?!   Elf:2 (   Snake:1 =*
Snake:3 *   Snake:4 }:   Vaults:1 *   Vaults:2 *(   Vaults:3 **
Vaults:5 (%?*?}?(=   Depths:3 :

Portals:
Hell: Depths:1 Depths:2 Depths:3 Depths:4 Depths:5
Abyss: Depths:4 Depths:5
Pandemonium: Depths:3
Ziggurat: Depths:1
Trove: Depths:3 (give 4 potions of resistance)

Annotations:
D:14 exclusion: downstairs, Roxanne
D:15 3 runed doors, Zebedee's ghost, journeyman MiBe
Snake:1 2 transporters, Lluna's ghost, journeyman SpCj
Slime:5 Royal Jelly
Vaults:1 2 runed doors, Hyulusul's ghost, adept DgTm; OwlQaeda's ghost, adept MfSk
Vaults:3 3 runed doors, exclusion: obsidian statue, Lavandula's ghost, adept CeBe
Depths:3 exclusion: downstairs


Innate Abilities, Weirdness & Mutations

You are resistant to torment.
Your stone body is resilient. (AC +20)
You are immune to poison.
Your large and strong wings let you fly indefinitely.
You resist negative energy. (rN+)
You are resistant to electric shocks. (rElec)
You can survive without breathing.
You are immune to petrification.
You are immune to rotting.
You have sharp fingernails.
You are partially covered in large bone plates. (SH +4)
You are partially covered in molten scales. (AC +2)
You are agile. (Dex +2)
Armour fits poorly on your strangely shaped body.
Your spells are a little easier to cast, but a little less powerful.
Your movements are slightly less encumbered by armour. (ER -2)


Message History

That felt strangely unrewarding.
You hit the stone giant.
You hear two shouts!
You block the stone giant's attack. The stone giant hits you!!!
* * * LOW HITPOINT WARNING * * *
You slash the stone giant!
You kill the stone giant!
That felt strangely unrewarding.
You slice the stone giant!! You block the stone giant's attack.
You slice the stone giant!!
The stone giant is severely wounded.
You dice the two-headed ogre like an onion!!!
The two-headed ogre hits you with a giant club!!
* * * LOW HITPOINT WARNING * * *
You block the two-headed ogre's attack. You block the stone giant's attack.
You slice the stone giant!!
The stone giant is almost dead.
You slice the two-headed ogre!!
You kill the two-headed ogre!
That felt strangely unrewarding.
The stone giant hits you!!
You die...

### ####### ##.# ##.##..# #..#
#### #......# #... #...# #§....##
##.. .....# #.§§.##### #...
......####§§...#.## ##..
........###.......######
#@.#....##.......#
##.C####'##...§...# ......##
##....##..##.§≈≈§..#
......#####...###....##≈≈≈§...
#.∩..........###......#≈≈§§§≈≈
##............###......#≈≈≈≈≈§.
##..............###....##≈≈§≈...
##.................##..##..≈≈§...
...................#####≈..≈.....


You could see a stone giant (berserk).

Vanquished Creatures
  Khufu (Crypt:1)
  Mara (Vaults:2)
  4 ancient liches
  3 juggernauts
  Sojobo (Vaults:5)
  2 greater mummies (Crypt:1)
  Geryon (Hell)
  Vashnia (Snake:3)
  5 caustic shrikes (Depths:5)
  8 golden dragons
  Nikola (Elf:3)
  25 Brimstone Fiends
  3 bone dragons
  9 liches
  6 tentacled monstrosities
  3 titans
  A quicksilver dragon (Vaults:5)
  2 deep elf blademasters (Elf:3)
  12 acid blobs
  2 deep elf master archers (Elf:3)
  5 eldritch tentacles
  A tentacled starspawn (Abyss:2)
  5 sphinxes
  Murray (Hell)
  7 ancient champions
  An Executioner (Geh:1)
  6 shadow dragons
  7 tengu reavers
  Ilsuiw (Shoals:4)
  3 storm dragons
  3 revenants
  11 frost giants
  7 fire giants
  9 azure jellies
  7 nagarajas
  16 vault wardens
  11 deep elf sorcerers
  2 draconian scorchers (Depths:5)
  4 deep elf elementalists
  A cacodemon (Geh:1)
  3 curse skulls
  8 balrugs
  2 iron dragons
  14 reapers
  14 ghouls
  18 ironheart preservers
  8 spriggan defenders
  A caustic shrike skeleton (Depths:2)
  2 entropy weavers
  10 vampire knights
  5 war gargoyles
  15 very ugly things
  31 stone giants
  Nessos (Lair:6)
  A black draconian (Depths:5)
  A green draconian (Depths:5)
  A dire elephant (D:14)
  12 spark wasps
  A minotaur (Lab)
  9 deep elf demonologists
  A spark wasp (shapeshifter) (Depths:2)
  A lorocyproca (Hell)
  4 yellow draconians (Depths:5)
  10 deep elf annihilators
  6 eidola
  8 deep elf death magi
  A white draconian (Depths:5)
  5 merfolk javelineers
  A green death (Crypt:3)
  21 ettins
  5 jiangshi
  3 merfolk impalers
  Josephine (Orc:1)
  4 quicksilver dragon zombies
  13 fire dragons
  23 ogre magi
  7 deep elf high priests
  12 yaktaur captains
  4 rakshasas
  15 great orbs of eyes
  37 vault guards
  3 catoblepae (Lair:6)
  8 ice dragons
  4 quicksilver dragon skeletons
  4 spriggan air magi
  A hydra (shapeshifter) (Vaults:5)
  10 hydras
  7 centaur warriors
  A hell beast (Elf:3)
  A merfolk avatar (Shoals:4)
  12 naga warriors
  8 merfolk aquamancers
  An alligator snapping turtle (Shoals:4)
  20 dancing weapons
  72 two-headed ogres
  2 satyrs
  5 anacondas
  5 death knights
  14 death yaks
  20 hell hogs
  9 spriggan berserkers
  2 titan zombies
  18 deep troll shamans
  7 tengu warriors
  8 shock serpents
  18 deep troll earth magi
  8 soul eaters
  4 vampire magi
  17 deep elf knights
  13 sun demons
  20 naga sharpshooters
  3 orc high priests
  2 storm dragon zombies
  A thrashing horror (Abyss:2)
  Sonja (Lair:5)
  An iron golem (Hell)
  9 iron trolls
  A wretched star (Abyss:2)
  7 titan skeletons
  63 hell knights
  36 skeletal warriors
  A ghost moth zombie (Geh:4)
  4 shadow wraiths
  5 golden dragon zombies
  62 deep trolls
  A spark wasp zombie (Depths:4)
  3 anaconda zombies
  A glowing orange brain (shapeshifter) (Depths:5)
  6 glowing orange brains
  4 salamander mystics
  A shadow demon (Geh:1)
  10 sea snakes
  13 flayed ghosts
  A storm dragon skeleton (Vaults:3)
  25 deep elf archers
  11 ironbrand convokers
  3 unseen horrors
  17 phantasmal warriors
  2 wolf spider zombies
  32 harpies
  A lindwurm (shapeshifter) (Vaults:2)
  5 golden dragon skeletons
  12 naga ritualists
  An oklob plant (Lair:5)
  12 orc knights
  54 deep elf magi
  18 mana vipers
  22 necromancers
  3 stone giant zombies
  5 anaconda skeletons
  7 shadow dragon zombies
  6 iron dragon zombies
  An orc sorcerer (Orc:2)
  A sphinx skeleton (Crypt:2)
  24 cyclopes
  4 fire giant zombies
  2 shadow dragon skeletons (Geh:1)
  10 shining eyes
  27 ugly things
  6 frost giant zombies
  7 wolf spiders
  7 salamanders
  20 manticores
  8 fauns
  115 slime creatures
  A salamander (shapeshifter) (Vaults:5)
  3 stone giant skeletons
  10 merfolk sirens
  3 guardian serpents
  6 iron dragon skeletons
  2 spriggan zombies
  A black mamba (shapeshifter) (Depths:4)
  5 frost giant skeletons
  8 water nymphs
  A shock serpent zombie (Geh:1)
  6 elephants (Lair:5)
  A moth of wrath (Zot:1)
  39 black mambas
  3 fire giant skeletons
  4 rust devils
  2 dire elephant zombies
  14 naga magi
  An eye of devastation (Slime:3)
  16 vault sentinels
  4 molten gargoyles
  An ice statue (Hell)
  A death yak zombie (Crypt:3)
  A pale draconian zombie (Crypt:2)
  8 smoke demons
  A gargoyle (D:14)
  A spiny frog (shapeshifter) (Depths:5)
  A torpor snail (Lair:3)
  6 spiny frogs
  2 catoblepas zombies
  28 hellions
  A yaktaur (shapeshifter) (Depths:3)
  A demonic crawler (Crypt:3)
  2 emperor scorpion zombies
  3 rime drakes
  2 kobold demonologists
  14 tormentors
  A purple draconian zombie (Crypt:2)
  A redback zombie (D:14)
  11 komodo dragons
  A yaktaur skeleton (Vaults:3)
  A dire elephant skeleton (Geh:2)
  4 tengu conjurers
  50 yaktaurs
  An alligator snapping turtle skeleton (Crypt:3)
  9 freezing wraiths
  9 efreet
  A rime drake (shapeshifter) (Vaults:5)
  2 ice devils
  10 trolls
  26 red devils
  An ancient zyme (Abyss:2)
  A harpy zombie (Geh:2)
  A purple draconian skeleton (Geh:2)
  8 hydra zombies
  4 polar bears
  2 tengu simulacra
  A pale draconian skeleton (Crypt:1)
  A wind drake (shapeshifter) (Vaults:3)
  A troll (shapeshifter) (Crypt:3)
  2 jumping spiders (shapeshifter)
  35 merfolk
  5 wind drakes
  14 hornets
  A hornet (shapeshifter) (Abyss:2)
  Prince Ribbit (D:6)
  A guardian serpent zombie (Crypt:1)
  5 ettin zombies
  2 sphinx simulacra
  14 snapping turtles
  6 fire dragon zombies
  13 blink frogs
  A frost giant simulacrum (Depths:1)
  A tarantella zombie (Crypt:1)
  5 hydra skeletons
  6 ice dragon zombies
  2 dream sheep (Shoals:1)
  A dream sheep (shapeshifter) (Depths:5)
  2 alligator skeletons
  2 meliai zombies (D:11)
  8 hippogriffs
  2 black mamba zombies
  58 flying skulls
  26 water elementals
  A fire dragon skeleton (Geh:5)
  4 redbacks
  A spriggan (shapeshifter) (Vaults:5)
  A vampire (D:10)
  37 wraiths
  2 air elementals (Elf:3)
  12 spriggans
  2 elf zombies (Depths:2)
  A guardian serpent skeleton (Crypt:3)
  18 shadows
  4 basilisks
  A tarantella (shapeshifter) (Vaults:2)
  8 wyverns
  3 ice dragon skeletons
  39 yaks
  A ynoxinul (Abyss:2)
  3 fire bats (Geh:4)
  A hog (shapeshifter) (Elf:1)
  6 ettin skeletons
  4 golden eyes
  49 fire elementals
  2 hungry ghosts
  A gelid demonspawn zombie (Geh:2)
  2 wargs
  A basilisk (shapeshifter) (D:15)
  A yaktaur simulacrum (Vaults:2)
  3 chaos spawn
  9 vampire mosquitoes
  An insubstantial wisp (Crypt:3)
  2 spatial vortices (Geh:2)
  A large abomination (Crypt:3)
  3 acid dragons
  53 nagas
  11 water moccasins
  A floating eye (shapeshifter) (Vaults:5)
  67 hell hounds
  A spiny frog zombie (Geh:1)
  2 floating eyes
  5 small abominations
  30 orc warriors
  15 porcupines
  3 spiny frog skeletons
  A merfolk skeleton (Geh:4)
  5 ice beasts
  An ice beast (shapeshifter) (Vaults:5)
  3 black bears
  3 swamp dragon zombies
  A black bear (shapeshifter) (Vaults:2)
  7 eyes of draining
  3 snapping turtle zombies
  62 ogres
  5 sky beasts
  16 necrophages
  8 phantoms
  2 tengu (shapeshifter)
  4 snapping turtle skeletons
  A lindwurm skeleton (Crypt:3)
  A blink frog skeleton (Crypt:3)
  An eye of draining (shapeshifter) (D:13)
  A wolf (Vaults:3)
  15 centaurs
  16 crocodiles
  2 elf skeletons
  22 big kobolds
  11 bullfrogs
  A spiny frog simulacrum (Hell)
  3 earth elementals
  A cyclops skeleton (Crypt:3)
  3 scorpions
  A spriggan skeleton (Crypt:1)
  An elf simulacrum (Vaults:3)
  75 wights
  6 jellies
  An electric eel (Lair:5)
  16 crimson imps
  9 howler monkeys
  4 centaur zombies
  4 human zombies
  A lava snake (D:8)
  A quasit (D:5)
  A bullfrog zombie (D:7)
  A black bear zombie (Crypt:3)
  6 hounds
  21 orc wizards
  An iron imp (Hell)
  16 orc priests
  2 bullfrog skeletons
  6 centaur skeletons
  A human skeleton (Geh:5)
  4 iguanas
  7 hell rats
  7 worker ants
  A black bear skeleton (Crypt:3)
  A killer bee zombie (Crypt:2)
  A big kobold zombie (Ossuary)
  A naga zombie (Geh:2)
  An ogre zombie (Geh:5)
  A felid skeleton (Crypt:2)
  An ogre skeleton (Geh:1)
  3 mummies
  2 worker ant zombies (D:10)
  3 gnolls (D:5)
  16 adders
  2 shadow imps
  2 ufetubi
  4 oozes
  An adder zombie (Ossuary)
  A worm (shapeshifter) (Depths:4)
  2 adder skeletons
  A barachi zombie (Crypt:2)
  3 dart slugs
  A worm (D:5)
  5 leopard geckos
  96 orcs
  A ball python (D:7)
  7 giant cockroaches
  5 goblins
  5 hobgoblins
  12 jackals
  4 quokkas
  5 bats
  2 frilled lizards
  A frilled lizard skeleton (Crypt:2)
  A gnoll skeleton (Crypt:1)
  12 hobgoblin zombies
  A jackal skeleton (D:4)
  36 kobolds
  8 kobold zombies (Ossuary)
  10 orc zombies (Ossuary)
  2 quokka skeletons
  4 rats
  2 rat zombies (Ossuary)
  3 crawling corpses (Vaults:5)
  A fungus (Lair:6)
  5 plants
3206 creatures vanquished.

Vanquished Creatures (collateral kills)
  A deep elf blademaster (Elf:2)
  A lich (Vaults:5)
  2 titans
  A tengu reaver (Vaults:5)
  2 nagarajas (Snake:4)
  A vault warden (Vaults:5)
  2 deep elf sorcerers
  A stone giant (Vaults:5)
  3 deep elf annihilators (Elf:3)
  A deep elf death mage (Elf:3)
  A naga warrior (Snake:4)
  A vault guard (Vaults:5)
  A two-headed ogre (Depths:3)
  3 naga sharpshooters (Snake:4)
  A dancing weapon (Vaults:5)
  3 orc high priests (Orc:2)
  3 hell knights (Depths:3)
  A glowing orange brain (Depths:3)
  An orc knight (Orc:2)
  A naga ritualist (Snake:4)
  A deep elf archer (Elf:3)
  An ironbrand convoker (Vaults:5)
  2 mana vipers (Snake:4)
  2 orc sorcerers (Orc:2)
  A deep elf mage (Elf:2)
  A salamander (Snake:4)
  A guardian serpent (Snake:4)
  A naga mage (Snake:4)
  2 yaktaurs (Depths:3)
  2 hornets (Depths:3)
  A spriggan (Depths:3)
  A water elemental (Depths:3)
  5 nagas (Snake:4)
  3 orc warriors (Orc:2)
  2 ogres (Depths:3)
  5 orc priests (Orc:2)
  An orc wizard (Orc:2)
  2 orcs (Orc:2)
65 creatures vanquished.

Vanquished Creatures (others)
  An acid blob (Slime:5)
  A tengu reaver (Vaults:5)
  An ironheart preserver (Vaults:3)
  A yaktaur captain (Vaults:5)
  A hell hog (Geh:5)
  A tengu warrior (Depths:2)
  A hell knight (Geh:3)
  A deep elf knight (Elf:1)
  A deep troll (Vaults:3)
  A deep elf archer (Elf:3)
  A shadow dragon skeleton (Geh:3)
  A deep elf mage (Vaults:5)
  A vault sentinel (Vaults:3)
  A dire elephant skeleton (Geh:3)
  2 hornets (Depths:4)
  A small abomination (Crypt:3)
  A flying skull (Geh:3)
  2 shadows
  A spiny frog skeleton (Geh:5)
  A manticore zombie (Geh:5)
  4 ogres
  A phantom (Geh:3)
  49 jellies
  2 wights
  3 orcs
  17 fungi
  73 plants
  A starspawn tentacle (Abyss:2)
172 creatures vanquished.

Grand Total: 3443 creatures vanquished

Notes
Turn   | Place    | Note
-------+----------+-------------------------------------------
     0 | D:1      | Zebedee the Gargoyle Berserker began the quest for the Orb.
     0 | D:1      | Reached XP level 1. HP: 14/14 MP: 1/1
    62 | D:1      | Reached XP level 2. HP: 2/19 MP: 2/2
   702 | D:1      | Reached XP level 3. HP: 21/24 MP: 3/3
   720 | D:1      | Reached skill level 4 in Fighting
  1004 | D:1      | Reached ** piety under Trog
  1250 | D:2      | Reached XP level 4. HP: 28/30 MP: 4/4
  1798 | D:3      | Reached XP level 5. HP: 17/34 MP: 5/5
  1939 | D:3      | Found a sacrificial altar of Ru.
  1939 | D:3      | Found a glowing golden altar of the Shining One.
  2156 | D:4      | Found a blossoming altar of Fedhas.
  2181 | D:4      | Noticed an ogre
  2196 | D:4      | Killed an ogre
  2196 | D:4      | Reached skill level 5 in Maces & Flails
  2196 | D:4      | Reached XP level 6. HP: 11/39 MP: 6/6
  2348 | D:4      | Found a sand-covered staircase.
  2365 | Ossuary  | Entered an ossuary
  2385 | Ossuary  | Reached *** piety under Trog
  2903 | Ossuary  | Reached skill level 5 in Fighting
  2903 | Ossuary  | Reached XP level 7. HP: 43/44 MP: 7/7
  3051 | D:4      | Found a staircase to the Ecumenical Temple.
  3096 | D:4      | Reached **** piety under Trog
  3366 | D:4      | Got an ichor-stained whip
  3367 | D:4      | Identified the +8 whip "Ofagag" {flame, *Noise +Blink
                  | Str+3} (You found it on level 4 of the Dungeon)
  3512 | D:5      | Entered Level 5 of the Dungeon
  3569 | D:5      | Found a stormy altar of Qazlal.
  3844 | D:5      | Found Motokhle's General Store.
  3889 | D:5      | Reached skill level 1 in Evocations
  4074 | D:6      | Found an ornate altar of the Wu Jian Council.
  4317 | D:6      | Reached skill level 5 in Armour
  4317 | D:6      | Reached XP level 8. HP: 49/49 MP: 8/8
  4406 | D:6      | Reached skill level 1 in Shields
  4675 | D:6      | Noticed Prince Ribbit
  4685 | D:6      | Killed Prince Ribbit
  4854 | D:7      | Got a smelly ring mail
  4865 | D:7      | Identified the +2 ring mail of the Guilds {rF+++ MR- Dex-2
                  | Stlth+} (You found it on level 7 of the Dungeon)
  4890 | D:7      | Reached XP level 9. HP: 36/55 MP: 10/10
  5025 | D:7      | Reached ***** piety under Trog
  5053 | D:7      | Reached skill level 6 in Fighting
  5843 | D:8      | Reached skill level 5 in Shields
  5873 | D:8      | Reached XP level 10. HP: 17/61 MP: 5/12
  6130 | D:8      | Found a shadowy altar of Dithmenos.
  6372 | D:8      | Received a gift from Trog
  6607 | D:9      | Found a staircase to the Lair.
  6615 | D:9      | Reached skill level 7 in Fighting
  6632 | D:9      | Got a twisted cloak
  6643 | D:9      | Identified the +4 cloak of Bitterness {rF+ Str+3 Dex+3}
                  | (You found it on level 9 of the Dungeon)
  6947 | D:9      | Reached skill level 10 in Maces & Flails
  7040 | D:9      | Reached skill level 5 in Evocations
  7047 | D:9      | Reached XP level 11. HP: 67/67 MP: 14/14
  7120 | D:9      | Noticed a brown ugly thing
  7134 | D:9      | Killed a brown ugly thing
  7343 | D:10     | Entered Level 10 of the Dungeon
  7613 | D:10     | Found Pyunk's Weapon Shop.
  7860 | D:10     | Reached ****** piety under Trog
  7865 | D:10     | Received a gift from Trog
  8295 | D:11     | Found Yngunosk's Antique Weapon Emporium.
  8990 | D:12     | Received a gift from Trog
  9024 | D:12     | Noticed a red ugly thing
  9038 | D:12     | Killed a red ugly thing
  9060 | D:12     | Found a staircase to the Orcish Mines.
  9380 | D:12     | Reached skill level 10 in Shields
  9456 | D:12     | Killed an unseen horror
  9456 | D:12     | Reached skill level 8 in Fighting
  9712 | D:13     | Reached XP level 12. HP: 40/73 MP: 9/16
 10297 | D:13     | Noticed a centaur warrior
 10309 | D:13     | Killed a centaur warrior
 10804 | D:12     | Got a warped mace
 10805 | D:12     | Identified the +4 mace of the Hierophant {elec, Str+4 SInv}
                  | (You found it on level 12 of the Dungeon)
 10870 | D:13     | Noticed an eight-headed hydra
 10881 | D:13     | Killed an eight-headed hydra
 11275 | D:14     | Reached skill level 10 in Armour
 11359 | D:14     | Found a gate to the Vaults.
 11359 | D:14     | Noticed a vault guard
 11359 | D:14     | Noticed a vault guard
 11359 | D:14     | Noticed a vault guard
 11359 | D:14     | Noticed a vault guard
 11359 | D:14     | Noticed a vault guard
 11359 | D:14     | Noticed a vault guard
 11360 | D:14     | Noticed a vault guard
 11360 | D:14     | Noticed a vault guard
 11417 | D:13     | Killed a vault guard
 11534 | D:13     | Killed a vault guard
 11534 | D:13     | Received a gift from Trog
 11539 | D:13     | Killed a vault guard
 11553 | D:13     | Killed a vault guard
 11761 | D:14     | Reached XP level 13. HP: 79/80 MP: 3/18
 11808 | D:14     | Noticed Roxanne
 11826 | D:14     | Killed a vault guard
 12074 | D:14     | Reached skill level 9 in Fighting
 12128 | D:14     | Killed a vault guard
 12171 | D:14     | Killed a vault guard
 12228 | D:14     | Killed a vault guard
 12488 | D:15     | Entered Level 15 of the Dungeon
 12527 | D:15     | Found a snail-covered altar of Cheibriados.
 12592 | D:15     | Noticed a dire elephant
 12689 | D:14     | Killed a dire elephant
 13115 | D:15     | Found a stormy altar of Qazlal.
 13545 | D:15     | Found a staircase to the Depths.
 13594 | D:15     | Found a runed gate.
 13595 | D:15     | Found a runed gate.
 13595 | D:15     | Found a runed gate.
 13915 | D:15     | Found Urucsaep's Jewellery Shop.
 13949 | D:15     | Found a blossoming altar of Fedhas.
 14298 | D:15     | Noticed Zebedee's ghost (journeyman MiBe)
 14447 | Lair:1   | Entered Level 1 of the Lair of Beasts
 14616 | Lair:1   | Got a faintly glowing flail
 14670 | Lair:1   | Found a labyrinth entrance.
 14675 | Lab      | Entered a labyrinth
 14752 | Lab      | Noticed a minotaur
 14763 | Lab      | Killed a minotaur
 14789 | Lab      | Identified Giell's Incunabulum of Bewitching Weightlessness
 14791 | Lab      | Identified the cursed +1 flail of Destiny {venom, Stlth+}
                  | (You found it on level 1 of the Lair of Beasts)
 15081 | Lair:1   | Gained mutation: Your large and strong wings let you fly
                  | indefinitely. [Gargoyle growth]
 15081 | Lair:1   | Reached XP level 14. HP: 86/86 MP: 20/20
 15632 | Lair:2   | Received a gift from Trog
 17428 | Lair:3   | Got a crude spear
 17429 | Lair:3   | Identified the +6 spear of the Sea {pierce, +Fly rC+} (You
                  | found it on level 3 of the Lair of Beasts)
 17816 | Lair:4   | Reached skill level 10 in Fighting
 17831 | Lair:4   | Found a staircase to the Snake Pit.
 17881 | Lair:4   | Found a staircase to the Shoals.
 18149 | Lair:4   | Found the +10 large shield of Ignorance {rN+ Int-4}
 18561 | Lair:5   | Reached skill level 15 in Shields
 19105 | Lair:5   | Received a gift from Trog
 19186 | Lair:5   | Noticed Sonja
 19195 | Lair:5   | Found a staircase to the Slime Pits.
 19197 | Lair:5   | Killed Sonja
 19341 | Lair:5   | Reached XP level 15. HP: 92/92 MP: 21/21
 19691 | Lair:6   | Entered Level 6 of the Lair of Beasts
 19961 | Lair:6   | Noticed Nessos
 19993 | Lair:6   | Killed Nessos
 21255 | Slime:1  | Entered Level 1 of the Pits of Slime
 21456 | Orc:1    | Entered Level 1 of the Orcish Mines
 21457 | Orc:1    | Found a roughly hewn altar of Beogh.
 21670 | Orc:1    | Received a gift from Trog
 21708 | Orc:1    | Noticed Josephine
 21720 | Orc:1    | Killed Josephine
 21848 | Orc:2    | Entered Level 2 of the Orcish Mines
 22149 | Orc:2    | Found Qiguceex's Assorted Antiques.
 22157 | Orc:2    | Bought a scroll labeled BEFETE NIUC for 30 gold pieces
 22157 | Orc:2    | Bought a metallic emerald potion for 27 gold pieces
 22170 | Orc:2    | Found a roughly hewn altar of Beogh.
 22321 | Orc:2    | Reached skill level 11 in Fighting
 22330 | Orc:2    | Found Ethroixze's Food Boutique.
 22330 | Orc:2    | Found Vubeylob's Distillery.
 22332 | Orc:2    | Found Ulow's Assorted Antiques.
 22332 | Orc:2    | Found Kociokog's Magic Scroll Emporium.
 22342 | Orc:2    | Bought a glowing granite ring for 150 gold pieces
 22345 | Orc:2    | Bought a potion of mutation for 112 gold pieces
 22345 | Orc:2    | Gained mutation: You are weak. (Str -2) [potion of
                  | mutation]
 22345 | Orc:2    | Gained mutation: You are resistant to hostile enchantments.
                  | (MR+) [potion of mutation]
 22346 | Orc:2    | Bought a potion of mutation for 112 gold pieces
 22346 | Orc:2    | Lost mutation: You are weak. (Str -2) [potion of mutation]
 22346 | Orc:2    | Lost mutation: You are resistant to hostile enchantments.
                  | (MR+) [potion of mutation]
 22346 | Orc:2    | Gained mutation: You tend to lose your temper in combat.
                  | [potion of mutation]
 22346 | Orc:2    | Gained mutation: Your muscles are strong. (Str +2) [potion
                  | of mutation]
 22346 | Orc:2    | Gained mutation: Your body sometimes deteriorates upon
                  | taking damage. [potion of mutation]
 22346 | Orc:2    | Gained mutation: You are robust. (+10% HP) [potion of
                  | mutation]
 22987 | Orc:2    | Found a roughly hewn altar of Beogh.
 23122 | Orc:2    | Found a staircase to the Elven Halls.
 23509 | Elf:1    | Entered Level 1 of the Elven Halls
 23581 | Elf:1    | Found a radiant altar of Vehumet.
 23672 | Elf:1    | Received a gift from Trog
 23675 | Elf:1    | Got a steaming hand crossbow {god gift}
 23676 | Elf:1    | Identified the +7 hand crossbow of Kuwaofag {velocity,
                  | Int+3} (Trog gifted it to you on level 1 of the Elven
                  | Halls)
 24175 | Elf:1    | Reached XP level 16. HP: 97/110 MP: 22/22
 24620 | Elf:1    | Reached skill level 15 in Armour
 25184 | Elf:2    | Reached skill level 12 in Fighting
 25379 | Elf:2    | Found Mut Damaexo's Weapon Boutique.
 25494 | Elf:2    | Found a huge runed gate.
 25494 | Elf:2    | Found a huge runed gate.
 25494 | Elf:2    | Found a huge runed gate.
 25912 | Elf:2    | Noticed a deep elf blademaster
 25944 | Elf:2    | Killed a deep elf blademaster
 26525 | Elf:2    | Reached skill level 15 in Maces & Flails
 27597 | Elf:2    | Received a gift from Trog
 27668 | Elf:3    | Entered Level 3 of the Elven Halls
 27799 | Elf:3    | Reached skill level 13 in Fighting
 28151 | Elf:3    | Reached XP level 17. HP: 111/119 MP: 23/23
 28422 | Elf:3    | Reached skill level 14 in Fighting
 30369 | Elf:3    | Noticed a deep elf master archer
 30392 | Elf:3    | Killed a deep elf master archer
 30417 | Elf:3    | Noticed a deep elf blademaster
 30492 | Elf:3    | Killed a deep elf blademaster
 30531 | Elf:3    | Reached skill level 15 in Fighting
 30745 | Elf:3    | Noticed a deep elf blademaster
 30777 | Elf:3    | Killed a deep elf blademaster
 30779 | Elf:3    | Got a heavily runed chain mail
 30797 | Elf:3    | Identified the +1 chain mail "Soulerch" {rN+ Str-5 Int+6
                  | Dex+3} (You took it off a deep elf blademaster on level 3
                  | of the Elven Halls)
 30964 | Elf:3    | Noticed Nikola
 30984 | Elf:3    | Killed Nikola
 31730 | Elf:3    | Cast into level 2 of the Abyss (a deep elf sorcerer)
 31784 | Abyss:2  | Found a sacrificial altar of Ru.
 31971 | Abyss:2  | Noticed a bone dragon
 32067 | Abyss:2  | Killed a bone dragon
 32119 | Abyss:2  | Noticed a tentacled starspawn
 32132 | Abyss:2  | Killed a tentacled starspawn
 32132 | Abyss:2  | Reached skill level 16 in Fighting
 32132 | Abyss:2  | Reached XP level 18. HP: 129/132 MP: 24/24
 32143 | Elf:3    | Escaped the Abyss
 32208 | Elf:3    | Noticed a deep elf master archer
 32240 | Elf:3    | Killed a deep elf master archer
 32701 | Elf:3    | Received a gift from Trog
 33173 | Elf:3    | Got a translucent buckler
 33184 | Elf:3    | Identified the cursed +0 buckler of Ycregoj {rElec rC+
                  | Str+4 Dex+3} (You took it off a deep elf sorcerer on level
                  | 3 of the Elven Halls)
 33589 | Elf:3    | Found the +1 cloak of Starlight {rElec rC+ EV+4 Stlth--}
 33644 | Elf:3    | Identified the Reference Book on Stones
 33663 | Elf:3    | Got an ancient hunting sling
 33664 | Elf:3    | Identified the +8 hunting sling of the Common Good {freeze,
                  | *Drain rElec rN++ Int+10} (You found it on level 3 of the
                  | Elven Halls)
 34128 | Snake:1  | Entered Level 1 of the Snake Pit
 34354 | Snake:1  | Found Hausiz's Jewellery Shoppe.
 34361 | Snake:1  | Bought the cursed necklace of Bloodlust {*Rage +Rage MR++
                  | Int-3 Slay+6 *Curse} for 1245 gold pieces
 34361 | Snake:1  | Found the cursed necklace of Bloodlust {*Rage +Rage MR++
                  | Int-3 Slay+6 *Curse}
 34440 | Snake:1  | Found Qocvaogoj's General Store.
 34443 | Snake:1  | Bought a scroll of identify for 36 gold pieces
 34655 | Snake:1  | Noticed Lluna's ghost (journeyman SpCj)
 34659 | Snake:1  | Found a transporter.
 34669 | Snake:1  | Found a transporter.
 34895 | Snake:1  | Reached skill level 17 in Fighting
 35364 | Snake:2  | Received a gift from Trog
 35868 | Snake:2  | Got a spiked chain mail
 35879 | Snake:2  | Identified the +1 chain mail of the Hidden Yaks {Str+3}
                  | (You found it on level 2 of the Snake Pit)
 36381 | Snake:3  | Received a gift from Trog
 36480 | Snake:3  | Reached XP level 19. HP: 140/140 MP: 25/25
 36667 | Snake:3  | Found Xacaut's Assorted Antiques.
 36670 | Snake:3  | Bought a scroll of fear for 122 gold pieces
 36687 | Snake:3  | Noticed Vashnia
 36713 | Snake:3  | Reached skill level 5 in Dodging
 36729 | Snake:3  | Killed Vashnia
 37049 | Snake:4  | Entered Level 4 of the Snake Pit
 37146 | Snake:4  | Reached skill level 18 in Fighting
 37692 | Snake:4  | Found Ipaluwn's Gadget Boutique.
 37704 | Snake:4  | Bought a box of beasts for 260 gold pieces
 37704 | Snake:4  | Bought a box of beasts for 260 gold pieces
 37819 | Snake:4  | Received a gift from Trog
 38148 | Snake:4  | Found Ohuitua's Book Boutique.
 38449 | Snake:4  | Received a gift from Trog
 38610 | Snake:4  | Got a serpentine rune of Zot
 39332 | Vaults:1 | Entered Level 1 of the Vaults
 39426 | Vaults:1 | Got a smoking chain mail
 39428 | Vaults:1 | Identified the cursed +0 chain mail of the Armoured One
                  | {*Contam rN+ rCorr} (You found it on level 1 of the Vaults)
 39525 | Vaults:1 | Reached XP level 20. HP: 150/150 MP: 27/27
 39796 | Vaults:1 | Received a gift from Trog
 40076 | Vaults:1 | Found Xeuluc's Assorted Antiques.
 40100 | Vaults:1 | Found a large runed door.
 40100 | Vaults:1 | Found a large runed door.
 40100 | Vaults:1 | Noticed OwlQaeda's ghost (adept MfSk)
 40106 | Vaults:1 | Noticed Hyulusul's ghost (adept DgTm)
 40173 | Vaults:1 | Reached skill level 19 in Fighting
 40805 | Vaults:2 | Found Duboplea's Assorted Antiques.
 40805 | Vaults:2 | Found Zezxasum's Antique Weapon Shoppe.
 40811 | Vaults:2 | Bought a pair of glowing boots for 240 gold pieces
 41389 | Vaults:2 | Received a gift from Trog
 41401 | Vaults:2 | Reached skill level 10 in Evocations
 41490 | Vaults:2 | Noticed Mara
 41517 | Vaults:2 | Noticed Zebedee's illusion
 41526 | Vaults:2 | Killed Mara
 42678 | Vaults:3 | Found a runed gate.
 42679 | Vaults:3 | Found an opulent altar of Gozag.
 42679 | Vaults:3 | Noticed Lavandula's ghost (adept CeBe)
 42680 | Vaults:3 | Found a runed gate.
 42680 | Vaults:3 | Found a runed gate.
 42680 | Vaults:3 | Found Hutait's Assorted Antiques.
 42681 | Vaults:3 | Found Deilir's Assorted Antiques.
 42782 | Vaults:3 | Found a flickering gateway to a bazaar.
 42816 | Bazaar   | Entered a bazaar
 42834 | Bazaar   | Found Hideng's Book Emporium.
 42849 | Bazaar   | Found Ynisokot's Gadget Shoppe.
 42849 | Bazaar   | Found Xyurei's Antique Weapon Emporium.
 42870 | Bazaar   | Found Xerauv's Jewellery Shoppe.
 42870 | Bazaar   | Found Buekio's Food Emporium.
 42925 | Bazaar   | Bought a wand of acid (11) for 360 gold pieces
 43006 | Vaults:3 | Reached XP level 21. HP: 150/159 MP: 28/28
 43123 | Vaults:3 | Reached skill level 20 in Fighting
 43180 | Vaults:3 | Found a staircase to the Crypt.
 43180 | Vaults:3 | Found an ancient bone altar of Kikubaaqudgha.
 43181 | Vaults:3 | Found a basalt altar of Yredelemnul.
 43241 | Vaults:3 | Received a gift from Trog
 44014 | Vaults:3 | Received a gift from Trog
 44845 | Vaults:4 | Received a gift from Trog
 45437 | Vaults:4 | Reached XP level 22. HP: 168/168 MP: 30/30
 45886 | Vaults:4 | Lost mutation: Your muscles are strong. (Str +2) [potion of
                  | mutation]
 45886 | Vaults:4 | Lost mutation: You tend to lose your temper in combat.
                  | [potion of mutation]
 45886 | Vaults:4 | Gained mutation: You passively map a small area around you.
                  | [potion of mutation]
 45886 | Vaults:4 | Gained mutation: You tend to lose your temper in combat.
                  | [potion of mutation]
 45886 | Vaults:4 | Gained mutation: You are partially covered in large bone
                  | plates. (SH +4) [potion of mutation]
 46009 | Vaults:5 | Entered Level 5 of the Vaults
 46017 | Vaults:5 | Received a gift from Trog
 46020 | Vaults:5 | Noticed a golden dragon
 46021 | Vaults:5 | Reached skill level 21 in Fighting
 46026 | Vaults:5 | Noticed an ancient lich
 46156 | Vaults:4 | Killed an ancient lich
 46374 | Vaults:4 | Killed a golden dragon
 46890 | Vaults:5 | Noticed a golden dragon
 47045 | Vaults:5 | Killed a golden dragon
 47069 | Vaults:5 | Received a gift from Trog
 47084 | Vaults:5 | Got a faintly glowing flail {god gift}
 47085 | Vaults:5 | Identified the +7 flail of Isub {venom, rF+ Str+3} (Trog
                  | gifted it to you on level 5 of the Vaults)
 47380 | Vaults:5 | Noticed Sojobo
 47399 | Vaults:5 | Killed Sojobo
 47665 | Vaults:5 | HP: 2/171 [titan/the air (24)]
 48067 | Vaults:5 | Reached XP level 23. HP: 118/177 MP: 32/32
 48125 | Vaults:5 | Reached skill level 22 in Fighting
 48125 | Vaults:5 | Reached skill level 10 in Dodging
 48218 | Vaults:5 | Received a gift from Trog
 49569 | Vaults:5 | Found Buufu's Jewellery Shop.
 49569 | Vaults:5 | Found Igotout's Magic Scroll Shoppe.
 49569 | Vaults:5 | Found Pokeff's Antique Weapon Shoppe.
 49573 | Vaults:5 | Bought a scroll of magic mapping for 63 gold pieces
 49579 | Vaults:5 | Found Metam's Gadget Shop.
 49588 | Vaults:5 | Received a gift from Trog
 49631 | Vaults:5 | Bought a sack of spiders for 280 gold pieces
 49631 | Vaults:5 | Bought a box of beasts for 280 gold pieces
 49637 | Vaults:5 | Found Xogebby's General Store.
 49652 | Vaults:5 | Bought a scroll of acquirement for 624 gold pieces
 49657 | Vaults:5 | Got a pair of shimmering gloves
 49668 | Vaults:5 | Identified the +2 pair of gloves of Orphoeb {Str-2 SInv
                  | Stlth+} (You acquired it on level 5 of the Vaults)
 49762 | Vaults:5 | Found Loisuso's Magic Scroll Shoppe.
 49767 | Vaults:5 | Bought a scroll of fear for 66 gold pieces
 49767 | Vaults:5 | Bought a scroll of fear for 66 gold pieces
 49767 | Vaults:5 | Bought a scroll of fear for 66 gold pieces
 49774 | Vaults:5 | Found Qixtooso's Food Emporium.
 49774 | Vaults:5 | Found Ixtett's Magic Scroll Boutique.
 49916 | Vaults:5 | Got a silver rune of Zot
 50058 | Vaults:5 | Found Raduz's Antique Weapon Shoppe.
 50414 | Depths:1 | Entered Level 1 of the Depths
 50646 | Depths:1 | Found a corrupted altar of Lugonu.
 50802 | Depths:1 | Found a gateway to a ziggurat.
 51350 | Depths:1 | Found a gateway to Hell.
 51601 | Depths:2 | Received a gift from Trog
 51769 | Depths:2 | Reached XP level 24. HP: 185/185 MP: 32/32
 52546 | Depths:2 | Received a gift from Trog
 52585 | Depths:2 | Noticed a juggernaut
 52605 | Depths:2 | Killed a juggernaut
 53150 | D:15     | Bought a +5 ring of slaying for 1819 gold pieces
 54422 | Depths:3 | Found Singing's One-of-a-Kind Books.
 54630 | Depths:3 | Received a gift from Trog
 54672 | Depths:3 | Reached skill level 23 in Fighting
 54744 | Depths:3 | Got an uncursed crystal flail {antimagic}
 54745 | Depths:3 | Identified the +2 flail "Newtslayer" {antimagic, Stlth+}
                  | (You took it off a yaktaur on level 3 of the Depths)
 54777 | Depths:3 | Found a portal to a secret trove of treasure.
 54975 | Depths:3 | Reached XP level 25. HP: 192/193 MP: 32/32
 55309 | Vaults:5 | Bought a scroll of enchant armour for 142 gold pieces
 55888 | Depths:3 | Found a one-way gate leading to the halls of Pandemonium.
 56142 | Depths:3 | Received a gift from Trog
 56429 | Depths:3 | Got a bloodstained ring mail
 56430 | Depths:3 | Identified the +1 ring mail of Egalitarianism {rC+ rCorr
                  | Int+4} (You found it on level 3 of the Depths)
 56598 | Depths:3 | Noticed a juggernaut
 56622 | Depths:3 | Killed a juggernaut
 56672 | Depths:3 | Found the +5 scythe "Finisher" {speed, Str+3}
 56892 | Depths:4 | Found a one-way gate to the infinite horrors of the Abyss.
 56910 | Depths:4 | Noticed a juggernaut
 56932 | Depths:4 | Killed a juggernaut
 56988 | Depths:4 | Received a gift from Trog
 57534 | Depths:4 | Received a gift from Trog
 57592 | Depths:4 | Reached XP level 26. HP: 171/201 MP: 32/32
 57828 | Vaults:1 | Bought a scroll of enchant armour for 300 gold pieces
 57978 | Orc:2    | Bought a scroll of enchant armour for 225 gold pieces
 57978 | Orc:2    | Bought a potion of heal wounds for 150 gold pieces
 58296 | Depths:4 | Noticed an ancient lich
 58304 | Depths:4 | Killed an ancient lich
 59107 | Depths:4 | Found the -2 hat of the Alchemist {rElec rPois rF+ rC+ rN+
                  | MR+ rMut rCorr}
 59288 | Depths:4 | Identified Sirigoun's Incunabulum of Sinister Arts
 59420 | Depths:5 | Entered Level 5 of the Depths
 59569 | Depths:5 | Received a gift from Trog
 59907 | Depths:5 | Paralysed by a floating eye for 2 turns
 59951 | Depths:5 | Found a gate to the Realm of Zot.
 61430 | Crypt:1  | Entered Level 1 of the Crypt
 61464 | Crypt:1  | Reached skill level 24 in Fighting
 61471 | Crypt:1  | Noticed Khufu
 61487 | Crypt:1  | Noticed a greater mummy
 61491 | Crypt:1  | Noticed a greater mummy
 61525 | Crypt:1  | HP: 7/202 [greater mummy/divine providence[Khufu] (11)]
 61564 | Crypt:1  | Reached XP level 27. HP: 97/209 MP: 32/32
 61755 | Crypt:1  | Received a gift from Trog
 61797 | Crypt:1  | Killed a greater mummy
 61800 | Crypt:1  | HP: 9/209 [reaper/scythe of venom[a greater mummy's death
                  | curse] (18)]
 61805 | Crypt:1  | HP: 9/209 [greater mummy/divine providence[Khufu] (10)]
 61807 | Crypt:1  | Killed a greater mummy
 62264 | Crypt:1  | Found the amulet of the Air {Inacc +Fly rElec EV+5 RMsl}
 62474 | Crypt:1  | Found a basalt altar of Yredelemnul.
 63626 | Crypt:3  | Entered Level 3 of the Crypt
 63648 | Crypt:3  | Received a gift from Trog
 64128 | Crypt:3  | Found a staircase to the Tomb.
 64247 | Crypt:3  | Received a gift from Trog
 64637 | Crypt:3  | Noticed an ancient lich
 64677 | Crypt:3  | Killed an ancient lich
 64787 | Crypt:3  | Noticed an ancient lich
 64805 | Crypt:3  | Killed an ancient lich
 64821 | Crypt:3  | Identified Bab Zeb's Reference Book on Sinister Magic
 64823 | Crypt:3  | Identified the Disquisition on Damaging Summoning
 64832 | Crypt:3  | Got a translucent steel amulet
 64837 | Crypt:3  | Identified the amulet "Yhethrum" {Harm *Drain rElec rF++
                  | rC+} (You found it on level 3 of the Crypt)
 64972 | Crypt:3  | Found a runed gate.
 64973 | Crypt:3  | Found a runed gate.
 64973 | Crypt:3  | Found a runed gate.
 65195 | Crypt:1  | Killed Khufu
 65549 | Shoals:1 | Entered Level 1 of the Shoals
 65807 | Shoals:1 | Received a gift from Trog
 65888 | Shoals:1 | Reached skill level 25 in Fighting
 67303 | Shoals:3 | Got a glittering zirconium amulet
 67304 | Shoals:3 | Identified the amulet of Butchery {Acrobat rElec rC+ Str+3
                  | Int+3} (You found it on level 3 of the Shoals)
 67525 | Shoals:3 | Received a gift from Trog
 67843 | Shoals:4 | Entered Level 4 of the Shoals
 67911 | Shoals:4 | Noticed Ilsuiw
 67974 | Shoals:4 | Killed Ilsuiw
 68652 | Shoals:4 | Received a gift from Trog
 68696 | Shoals:4 | Got a barnacled rune of Zot
 69499 | Zot:1    | Entered Level 1 of the Realm of Zot
 69751 | Vaults:2 | Bought an ancient war axe for 272 gold pieces
 69751 | Vaults:2 | Identified the +6 war axe of Yeast {antimagic, rF+ rC-
                  | Dex+3} (You bought it in a shop on level 2 of the Vaults)
 69987 | Hell     | Entered the Vestibule of Hell
 69988 | Hell     | Noticed Geryon
 70017 | Hell     | Reached skill level 1 in Axes
 70046 | Hell     | Killed Geryon
 70150 | Hell     | Found a gateway to the ashen valley of Gehenna.
 70277 | Hell     | Found a gateway to the Iron City of Dis.
 70368 | Hell     | Reached skill level 5 in Axes
 70442 | Hell     | Found a gateway to the freezing wastes of Cocytus.
 70455 | Hell     | Received a gift from Trog
 70509 | Hell     | Found a gateway to the decaying netherworld of Tartarus.
 70569 | Hell     | Noticed Murray
 70597 | Hell     | Killed Murray
 70693 | Geh:1    | Entered Level 1 of Gehenna
 71013 | Geh:1    | Received a gift from Trog
 71775 | Geh:1    | Reached skill level 10 in Axes
 71840 | Geh:1    | Received a gift from Trog
 73472 | Geh:2    | Received a gift from Trog
 75199 | Slime:3  | Gained mutation: Armour fits poorly on your strangely
                  | shaped body. [a shining eye]
 75210 | Slime:2  | Received a gift from Trog
 75298 | Slime:3  | Gained mutation: Your body often deteriorates upon taking
                  | damage. [a shining eye]
 76594 | Slime:4  | Reached skill level 26 in Fighting
 76816 | Slime:4  | Paralysed by a floating eye for 2 turns
 76841 | Slime:4  | Gained mutation: Your magical capacity is low. (-10% MP) [a
                  | shining eye]
 77211 | Slime:5  | Entered Level 5 of the Pits of Slime
 77353 | Slime:5  | Noticed the Royal Jelly
 77354 | Slime:5  | Found a viscous altar of Jiyva.
 77363 | Slime:5  | Fell from the grace of Trog
 77363 | Slime:5  | Became a worshipper of Jiyva Jyamasuu the Shapeless
 77899 | Lair:5   | Reached * piety under Jiyva
 78606 | Depths:3 | Reached ** piety under Jiyva
 78613 | Depths:3 | Reached *** piety under Jiyva
 78613 | Depths:3 | Lost mutation: Your body often deteriorates upon taking
                  | damage. [Jiyva's grace]
 78632 | Depths:3 | Reached **** piety under Jiyva
 78632 | Depths:3 | Gained mutation: You can translocate small distances at
                  | will. [Jiyva's grace]
 78641 | Depths:3 | Gained mutation: Your movements are slightly less
                  | encumbered by armour. (ER -2) [Jiyva's grace]
 78641 | Depths:3 | Reached ***** piety under Jiyva
 78658 | Depths:3 | Gained mutation: You are partially covered in molten
                  | scales. (AC +2) [Jiyva's grace]
 78663 | Depths:3 | Gained mutation: Your translucent skin slightly reduces
                  | your foes' accuracy. (Stealth) [Jiyva's grace]
 78664 | Depths:3 | Reached ****** piety under Jiyva
 78950 | D:5      | Lost mutation: Your body sometimes deteriorates upon taking
                  | damage. [Jiyva's power]
 78951 | D:5      | Lost mutation: Your magical capacity is low. (-10% MP)
                  | [Jiyva's power]
 78963 | D:5      | Bought a book of Party Tricks for 600 gold pieces
 78965 | D:5      | Learned a level 1 spell: Apportation
 79382 | Geh:1    | Gained mutation: Your body has grown golden eyes which may
                  | confuse attackers. (Acc +3) [Jiyva's grace]
 79463 | Geh:1    | Gained mutation: You are agile. (Dex +2) [Jiyva's grace]
 79532 | Geh:1    | Gained mutation: You have a pair of small antennae on your
                  | head. [Jiyva's grace]
 79533 | Geh:1    | Reached skill level 1 in Translocations
 79544 | Geh:1    | Gained mutation: Your rubbery body absorbs attacks. (AC +1,
                  | EV +1) [Jiyva's grace]
 79546 | Geh:1    | Lost mutation: You passively map a small area around you.
                  | [Jiyva's grace]
 79550 | Geh:1    | Lost mutation: Your translucent skin slightly reduces your
                  | foes' accuracy. (Stealth) [Jiyva's grace]
 79561 | Geh:1    | Lost mutation: Armour fits poorly on your strangely shaped
                  | body. [Jiyva's power]
 79887 | Geh:2    | Lost mutation: Your rubbery body absorbs attacks. (AC +1,
                  | EV +1) [Jiyva's grace]
 79890 | Geh:2    | Lost mutation: You tend to lose your temper in combat.
                  | [Jiyva's power]
 79895 | Geh:2    | Gained mutation: You are very robust. (+20% HP) [Jiyva's
                  | grace]
 79946 | Geh:2    | Reached skill level 1 in Spellcasting
 79971 | Geh:2    | Reached skill level 5 in Translocations
 80006 | Geh:2    | Lost mutation: You have a pair of small antennae on your
                  | head. [Jiyva's grace]
 80032 | Geh:2    | Gained mutation: You have a pair of small antennae on your
                  | head. [Jiyva's grace]
 80623 | Geh:2    | Lost mutation: Your body has grown golden eyes which may
                  | confuse attackers. (Acc +3) [Jiyva's grace]
 80780 | Geh:3    | Lost mutation: You have a pair of small antennae on your
                  | head. [Jiyva's grace]
 80863 | Geh:3    | Gained mutation: Your translucent skin slightly reduces
                  | your foes' accuracy. (Stealth) [Jiyva's grace]
 81099 | Geh:3    | Lost mutation: Your translucent skin slightly reduces your
                  | foes' accuracy. (Stealth) [Jiyva's grace]
 81111 | Geh:3    | Lost mutation: You are very robust. (+20% HP) [Jiyva's
                  | grace]
 81120 | Geh:3    | Gained mutation: You have sharp fingernails. [Jiyva's
                  | grace]
 81339 | Geh:3    | Paralysed by Trog for 4 turns
 81438 | Geh:3    | Gained mutation: Your body has grown golden eyes which may
                  | confuse attackers. (Acc +3) [Jiyva's grace]
 81504 | Geh:3    | Reached skill level 5 in Spellcasting
 81625 | Geh:3    | Lost mutation: Your body has grown golden eyes which may
                  | confuse attackers. (Acc +3) [Jiyva's grace]
 81725 | Geh:3    | Learned a level 2 spell: Song of Slaying
 81991 | Geh:4    | Reached skill level 1 in Charms
 82319 | Geh:4    | Lost mutation: You are robust. (+10% HP) [Jiyva's grace]
 82355 | Geh:4    | Gained mutation: Your spells are a little easier to cast,
                  | but a little less powerful. [Jiyva's grace]
 83375 | Geh:5    | Lost mutation: You can translocate small distances at will.
                  | [Jiyva's grace]
 83391 | Geh:5    | Gained mutation: Armour fits poorly on your strangely
                  | shaped body. [Jiyva's grace]
 83658 | Geh:5    | Paralysed by Trog for 3 turns
 84011 | Geh:5    | Slain by a stone giant

Skill      XL: |  1  2  3  4  5  6  7  8  9 10 11 12 13 14 15 16 17 18 19 20 21 22 23 24 25 26 27 |
---------------+----------------------------------------------------------------------------------+-----
Fighting       | 4 5 6 7 8 9 10 11 13 16 17 18 19 20 21 22 23 24 26 | 26.0
Maces & Flails | 4 5 6 7 9 10 11 12 13 14 15 16 17 18 19 20 21 22 23 | 23.9
Armour         | 3 4 5 6 7 8 9 10 11 12 14 16 17 21 | 21.2
Evocations     | 1 2 3 5 6 7 8 9 10 11 12 | 12.1
Shields        | 2 5 8 10 12 13 15 17 20 22 24 25 | 25.0
Dodging        | 2 4 6 7 8 9 10 | 10.0
Axes           | 14 | 14.7
Translocations | 7 |  7.1
Spellcasting   | 6 |  6.9
Charms         | 4 |  4.1

Action                   |  1- 3 |  4- 6 |  7- 9 | 10-12 | 13-15 | 16-18 | 19-21 | 22-24 | 25-27 || total
-------------------------+-------+-------+-------+-------+-------+-------+-------+-------+-------++-------
Melee: Mace              |   111 |   253 |    55 |   150 |  1514 |  1389 |  1813 |   380 |  1424 ||  7089
       Whip              |       |       |   293 |   742 |       |   165 |       |       |       ||  1200
       Spear             |       |       |       |       |       |   162 |       |       |       ||   162
       Flail             |       |       |       |       |       |       |       |  1321 |  1203 ||  2524
       Broad axe         |       |       |       |       |       |       |       |       |  1581 ||  1581
       War axe           |       |       |       |       |       |       |       |       |   853 ||   853
Throw: Tomahawk          |       |     2 |       |     1 |       |       |       |       |       ||     3
       Javelin           |       |       |       |       |       |     7 |       |     6 |     9 ||    22
Invok: Berserk           |     1 |       |       |       |     3 |     7 |     1 |       |       ||    12
       Trog's Hand       |       |       |       |       |     4 |     9 |     4 |     8 |    10 ||    35
       Brothers in Arms  |       |       |       |       |     5 |     2 |     3 |     5 |     1 ||    16
       Request Jelly     |       |       |       |       |       |       |       |       |    12 ||    12
       Cure Bad Mutation |       |       |       |       |       |       |       |       |     5 ||     5
 Abil: Fly               |       |       |       |       |     1 |       |       |       |     1 ||     2
       Stop Flying       |       |       |       |       |       |       |       |     1 |       ||     1
Evoke: Wand              |       |       |       |       |     4 |    16 |     3 |     4 |    27 ||    54
       Box of beasts     |       |       |       |       |       |     3 |       |     2 |       ||     5
       Phial of floods   |       |       |       |       |       |     1 |       |     1 |       ||     2
       Lightning rod     |       |       |       |       |       |     4 |       |       |       ||     4
  Use: Potion            |       |     1 |       |       |     4 |     2 |       |     3 |     7 ||    17
       Scroll            |       |       |     2 |    12 |     9 |    15 |     5 |     5 |    24 ||    72
 Stab: Paralysed         |       |       |       |       |     1 |       |       |       |       ||     1
       Distracted        |       |       |       |       |       |     2 |       |     2 |     2 ||     6
  Eat: Chunk             |     2 |     5 |    10 |    21 |    38 |    13 |    23 |    22 |    31 ||   165
       Ration            |       |       |       |       |     4 |    11 |     3 |     5 |    17 ||    40
Armor: Animal skin       |    18 |       |       |       |       |       |       |       |       ||    18
       Scale mail        |    40 |     1 |       |       |       |       |       |       |       ||    41
       Chain mail        |       |   152 |   174 |   470 |   131 |       |       |       |       ||   927
       Plate armour      |       |       |       |       |   380 |   502 |   486 |   712 |       ||  2080
       Gold dragon scale |       |       |       |       |       |       |       |       |  1328 ||  1328
Dodge: Dodged            |    85 |   108 |    86 |   187 |   443 |   266 |   368 |   556 |   951 ||  3050
Block: Shield            |       |       |   113 |   457 |   915 |   161 |       |       |       ||  1646
       Large shield      |       |       |       |       |       |  1432 |  2470 |  2806 |  6823 || 13531
